 Dungeon Crawl Stone Soup version 0.30.1-4-g462c640d31 (webtiles) character file.

Game seed: 8116396676754279131

0 Aelou the Trooper (level 1, -9/19 HPs)
             Began as a Draconian Chaos Knight on Sept 3, 2023.
             Was a Plaything of Xom.
             Killed by divine providence
             ... invoked by an orc priest
              (14 damage)
             ... on level 3 of the Dungeon.
             The game lasted 00:00:38 (63 turns).

Aelou the Trooper (Draconian Chaos Knight)            Turns: 63, Time: 00:00:39

Health: -9/19      AC:  4    Str: 14    XL:     1   Next: 8%
Magic:  1/1        EV: 12    Int: 12    God:    Xom [..*...]
Gold:   16         SH:  0    Dex: 10    Spells: 0/0 levels left

rFire   . . .        a - +0 mace (chaos)
rCold   . . .        (no shield)
rNeg    . . .        (body armour unavailable)
rPois   .            (helmet restricted)
rElec   .            (no cloak)
rCorr   .            (no gloves)
SInv    .            (no boots)
Will    .....        (no amulet)
Stlth   +            (no ring)
HPRegen 0.23/turn    (no ring)
MPRegen 0.07/turn

%: no passive effects
@: no status effects
A: AC +4, unfitting armour, cold-blooded
a: Renounce Religion


You were on level 3 of the Dungeon.
You worshipped Xom.
You were a toy of Xom.
You visited 1 branch of the dungeon, and saw 3 of its levels.

You collected 16 gold pieces.

Inventory:

Hand Weapons
 a - a +0 mace of chaos (weapon)
Miscellaneous
 b - a piece from Xom's chessboard (15/15) (quivered)


   Skills:
 + Level 3.3 Fighting
 + Level 3.0 Maces & Flails
 + Level 2.1 Dodging


You couldn't memorise any spells.
You didn't know any spells.
Your spell library was empty.

Dungeon Overview and Level Annotations

Branches:
Dungeon (3/15)

Altars:


Innate Abilities, Weirdness & Mutations

Your plain brown scales are hard. (AC +4)
You cannot fit into any form of body armour.
You are cold-blooded and may be slowed by cold attacks.


Message History

You now have 16 gold pieces.
A kobold comes into view. It is wielding a +0 dagger.
You see here a +0 dagger.
You hit the kobold.
You kill the kobold!
You see here a +0 dagger.
Found a stone staircase leading down.
There is a stone staircase leading down here.
You climb downwards.
Found a sling and a whip.
There is a stone staircase leading up here.
The helpless orc fails to defend itself.
You hit the orc but do no damage.
The orc shouts!
The orc priest shouts!
The orc hits you with a +1 falchion of protection.
The orc barely misses you.
You hit the orc.
The orc is heavily wounded.
The orc closely misses you. The orc hits you with a +0 short sword.
The orc hits you with a +1 falchion of protection.
A worm comes into view.
The orc closely misses you.
A quokka comes into view.
You hit the orc but do no damage.
You tail-slap the orc, but do no damage.
The orc is heavily wounded.
The orc misses you. The orc barely misses you. The orc closely misses you.
The orc hits you with a +1 short sword of speed.
You hit the orc.
The orc is poisoned.
Your tail-slap misses the orc.
The orc is heavily wounded.
The orc priest calls down the wrath of Beogh upon you.
Pain shoots through your body! The orc hits you with a +0 short sword.
* * * LOW HITPOINT WARNING * * *
The orc barely misses you. The orc misses you. The orc barely misses you.
The orc completely misses you.
The orc priest calls down the wrath of Beogh upon you.
Beogh smites you!
Ouch! That really hurt!
You die...
Xom guffaws!

.... ... .w.
. .. ... .#
#
.)..####.#.#
##)...oo..#
#.r..o@o..#
...#....####
#.....
......##
..##..... .
#.....
......
#.......


You could see a worm, an orc priest, 3 orcs and a quokka.

Vanquished Creatures
  A kobold (D:2)
1 creature vanquished.

Notes
Turn   | Place    | Note
-------+----------+-------------------------------------------
     0 | D:1      | Aelou the Draconian Chaos Knight began the quest for the
                  | Orb.
     0 | D:1      | Reached XP level 1. HP: 19/19 MP: 1/1
    59 | D:3      | Noticed an orc priest
    63 | D:3      | Killed from afar by an orc priest

Illustrated notes

Levels and vault maps discovered:
D:1:      spicycebolla_arrival_ecumenical, layout_basic, minmay_tromino_v4_a
D:2:      layout_basic, minmay_misc_feat_tower
D:3:      layout_basic, minitemple, mainiacjoe_overflow_boulevard,
          mainiacjoe_overflow_six_doors_small,
          mainiacjoe_overflow_small_starburst, grunt_ministairs_6,
          nicolae_shop_unique_rings

Action                     || total
---------------------------++-------
  Melee: Mace              ||     5
         Tailslap          ||     1
   Stab: Sleeping          ||     1
  Dodge: Dodged            ||    10
